Map: Dusty Gorge

Players

FidelCashflO

  • Race: Protoss Protoss
  • Spawn Location: 9:00

Oranges

  • Race: Protoss Protoss
  • Spawn Location: 11:00

AquAblAck - Winner!

  • Race: Zerg Zerg
  • League: Diamond
  • Spawn Location: 3:00

Sketchaphone - Winner!

  • Race: Zerg Zerg
  • League: Gold
  • Spawn Location: 5:00

VOD

Have the link to the VOD?

Description

Time

  • Played on: Nov. 10, 2018, 5:25 p.m.
  • Length: 4:37
Show
View Real Time Build Order
Export as new Build Order

FidelCashflO Protoss 

Build Orders:  

Get SALT Encoding   

  12  0:02  Probe  
  13  0:14  Probe  
  14  0:22  Pylon  
  14  0:26  Probe  
  15  0:36  Probe  
  16  0:44  Probe  
  17  0:54  Probe  
  18  1:03  Pylon  
  18  1:21  Gateway  
  18  1:23  Gateway  
  18  1:29  Gateway  
  18  2:07  Pylon  
  18  2:09  Zealot  
  18  2:10  Zealot  
  22  2:20  Pylon, Zealot  
  22  2:23  Pylon  
  24  2:30  Zealot  
  24  2:36  Zealot  
  28  2:54  Zealot  
  30  3:00  Forge  
  30  3:14  Zealot x2  
  34  3:20  Pylon  
  34  3:21  Zealot  
  36  3:38  Probe  
  36  3:39  Photon Cannon  
  36  3:41  Zealot x2  
  40  3:44  Assimilator  
  40  3:46  Probe  
Show
View Real Time Build Order
Export as new Build Order

Oranges Protoss 

Build Orders:  

Get SALT Encoding   

  12  0:01  Probe  
  13  0:21  Probe  
  14  0:33  Pylon  
  14  0:38  Probe  
  15  0:51  Probe  
  16  1:03  Pylon, Probe  
  17  1:15  Probe  
  18  1:21  Gateway  
  18  1:22  Gateway  
  18  1:26  Gateway  
  18  1:51  Pylon  
  18  1:52  Pylon  
  18  1:53  Pylon  
  18  2:05  Zealot x3  
  24  2:34  Zealot x2  
  24  2:35  Zealot  
  24  3:01  Zealot x2  
  24  3:02  Zealot  
  28  3:28  Zealot x2  
  28  3:29  Zealot  
  34  3:55  Zealot  
  34  3:56  Zealot x2  
Show
View Real Time Build Order
Export as new Build Order

AquAblAck Zerg - Winner!

Build Orders: Hatch First 

Get SALT Encoding   

  12  0:01  Drone  
  13  0:12  Overlord  
  13  0:18  Drone  
  14  0:30  Drone x2  
  14  0:35  Drone  
  17  0:53  Hatchery  
  17  0:56  Drone  
  17  1:00  Extractor  
  17  1:02  Drone  
  17  1:15  Spawning Pool  
  17  1:18  Drone  
  17  1:23  Drone  
  18  1:28  Drone  
  19  1:39  Overlord  
  19  1:49  Drone  
  20  2:02  Metabolic Boost  
  20  2:03  Queen  
  20  2:04  Queen  
  24  2:11  Zergling x4  
  26  2:28  Spine Crawler x2  
  24  2:36  Spine Crawler  
  23  2:37  Zergling x2  
  21  2:52  Zergling x6  
  21  2:53  Zergling x2  
  9  3:27  Drone  
  9  3:28  Drone  
  7  4:18  Drone  
Show
View Real Time Build Order
Export as new Build Order

Sketchaphone Zerg - Winner!

Build Orders: Hatch First 

Get SALT Encoding   

  12  0:01  Drone  
  13  0:14  Overlord  
  13  0:18  Drone  
  14  0:33  Drone x2  
  16  0:55  Hatchery  
  15  1:07  Spawning Pool  
  15  1:09  Drone  
  15  1:26  Extractor  
  15  1:27  Drone  
  15  1:31  Drone  
  15  1:32  Overlord  
  16  1:45  Drone  
  17  1:59  Zergling x2  
  17  2:00  Drone  
  19  2:01  Queen  
  19  2:08  Queen  
  21  2:09  Drone  
  24  2:24  Overlord  
  24  2:26  Drone  
  24  2:27  Metabolic Boost  
  25  2:36  Zergling x4  
  25  2:37  Zergling x2  
  28  2:40  Zergling x2  
  28  2:42  Zergling x2  
  30  2:53  Zergling x2  
  30  2:54  Zergling x2  
  32  3:08  Zergling x4  
  34  3:19  Zergling x8  
  38  3:37  Drone  
  38  3:38  Drone  
  38  3:39  Roach Warren  
  38  3:40  Zergling x4  
  34  3:55  Zergling x6  
  20  4:13  Spine Crawler  
  20  4:14  Spine Crawler  
  16  4:19  Spine Crawler, Drone  
Tags
 
Add a new tag
Caveats
  • Supply blocks, unpowered buildings, or Contaminate may cause inaccurate times.
  • Supply counts are checked every 10 seconds.